 Dungeon Crawl Stone Soup version 0.29-a0-221-gceb61267dd (webtiles) character file.

Game seed: 12442508158650928512

3578 ReploidZero the Shield-Bearer (level 10, 0/55 HPs)
             Began as a Vine Stalker Fighter on Feb 26, 2022.
             Was an Initiate of Ru.
             Slain by a death yak (17 damage)
             ... on level 7 of the Dungeon.
             The game lasted 00:12:24 (7696 turns).

ReploidZero the Shield-Bearer (VSFi)                Turns: 7696, Time: 00:12:25

Health: 0/55       AC: 10    Str: 23    XL:     10   Next: 10%
Magic:  0/11       EV:  9    Int: 14    God:    Ru [......]
Gold:   451        SH:  6    Dex: 14    Spells: 9/9 levels left

rFire   . . .      SeeInvis .   y - +12 mace "Killer Bee's Foe" {vamp, Int+6}
rCold   + . .      Faith    .   c - +0 buckler
rNeg    . . .      Spirit   +   b - +0 scale mail
rPois   .          Reflect  .   (no helmet)
rElec   .          Harm     .   k - +0 cloak
rCorr   .          Rampage  .   (no gloves)
Will    +....                   z - +0 pair of boots
Stlth   ..........              (no amulet)
HPRegen 0.98/turn               o - +4 ring of slaying
MPRegen 0.12/turn               s - ring of protection from cold

@: about to teleport
A: fangs 3, regeneration 1, magic shield, antimagic bite, no potion heal 2
a: Renounce Religion


You were on level 7 of the Dungeon.
You worshipped Ru.
Ru was noncommittal.
You visited 2 branches of the dungeon, and saw 9 of its levels.

You collected 451 gold pieces.

Inventory:

Hand Weapons
 a - a +1 flail
 y - the +12 mace "Killer Bee's Foe" (weapon) {vamp, Int+6}
   (You found it on level 7 of the Dungeon)

   It occasionally heals its wielder for a portion of the damage dealt when it
   wounds a living foe.
   Int:       It affects your intelligence (+6).
Armour
 b - a +0 scale mail (worn)
 c - a +0 buckler (worn)
 k - a +0 cloak (worn)
 z - a +0 pair of boots (worn)
Jewellery
 m - a ring of see invisible
 o - a +4 ring of slaying (left hand)
 s - a ring of protection from cold (right hand)
Wands
 t - a wand of charming (7)
 v - a wand of mindburst (17)
Scrolls
 e - 7 scrolls of identify
 f - 2 scrolls of enchant weapon
 g - 2 scrolls of fog
 j - 4 scrolls of teleportation
 l - a scroll of noise {unknown}
 u - a scroll of immolation {unknown}
Potions
 d - a potion of heal wounds {unknown}
 h - 2 potions of invisibility
 i - a potion of haste {unknown}
 n - a potion of berserk rage {unknown}
 p - 2 potions of lignification {unknown}
 q - a potion of might
 r - 2 potions of curing {unknown}
 w - a potion of resistance {unknown}
 x - 2 potions of ambrosia {unknown}


   Skills:
 + Level 7.0 Fighting
 + Level 6.7 Maces & Flails
 + Level 6.4 Armour
 + Level 7.0 Shields


You had 9 spell levels left.
You didn't know any spells.
Your spell library contained the following spells:

 Spells                   Type           Power      Damage    Failure   Level
 Summon Small Mammal      Summ           0%         N/A       63%         1
 Blink                    Tloc           0%         N/A       77%         2
 Corpse Rot               Necr/Air       0%         N/A       77%         2
 Sublimation of Blood     Necr           0%         N/A       77%         2
 Wereblood                Tmut           0%         N/A       77%         2
 Call Canine Familiar     Summ           0%         N/A       94%         3
 Dazzling Flash           Conj/Hex       0%         N/A       94%         3
 Stone Arrow              Conj/Erth      0%         3d7       94%         3
 Summon Guardian Golem    Hex/Summ       0%         N/A       94%         3
 Animate Armour           Summ/Erth      0%         N/A       100%        4
 Dispel Undead            Necr           0%         3d6       100%        4
 Iskenderun's Mystic Bla  Conj/Tloc      0%         2d3       100%        4
 Manifold Assault         Tloc           0%         N/A       100%        5
 Death Channel            Necr           0%         N/A       100%        6
 Starburst                Conj/Fire      0%         6d3       100%        6
 Storm Form               Tmut/Air       0%         N/A       100%        7
 Summon Hydra             Summ           0%         N/A       100%        7
 Lehudib's Crystal Spear  Conj/Erth      0%         10d2      100%        8


Dungeon Overview and Level Annotations

Branches:
Dungeon (8/15)             Temple (1/1) D:4
   Lair: D:8-11

Altars:
Cheibriados
Dithmenos
Elyvilon
Fedhas
Gozag
Hepliaklqana
Kikubaaqudgha
Makhleb
Nemelex Xobeh
Okawaru
Qazlal
Ru
Sif Muna
Trog
Uskayaw
Vehumet
Wu Jian
Xom
Yredelemnul
Zin
The Shining One

Shops:
D:4 :

Annotations:
D:7 1 runed translucent door, snaxamus's ghost, novice DDFi


Innate Abilities, Weirdness & Mutations

You have razor-sharp teeth.
Your natural rate of healing is unusually fast.
When hurt, damage is shared between your health and your magic reserves.
Your bite disrupts and absorbs the magic of your enemies.
Potions cannot restore your health.


Message History

A kobold is nearby!
A kobold is nearby!
A kobold is nearby!
A death yak comes into view.
The death yak bellows! 2 death yaks come into view.
The death yak bellows! x2
The kobold hits you with a +0 dagger.
You closely miss the kobold.
A death yak comes into view.
The kobold hits you but does no damage.
You hit the kobold.
The kobold is severely wounded.
The kobold hits you but does no damage. The death yak gores you!
Items here: ( )) ††.
You block the kobold's attack.
The death yak snorts and paws the ground.
There is a stone staircase leading up here.
There is a stone staircase leading up here.
You climb upwards.
Level annotation: 1 runed translucent door, snaxamus's ghost, novice DDFi
There is a stone staircase leading down here.
You barely miss the death yak. You bite the death yak. You drain its power.
The death yak is lightly wounded.
The death yak snorts and paws the ground.
The death yak gores you!
You sock the death yak!
You feel better.
You bite the death yak. You drain its power.
You feel invigorated.
The death yak is lightly wounded.
The death yak closely misses you. The death yak gores you!
You sock the death yak!
The death yak is moderately wounded.
The death yak gores you!!
* * * LOW HITPOINT WARNING * * *
Okay, then.
Okay, then.
As you read the scroll of teleportation, it crumbles to dust.
You feel strangely unstable. The death yak gores you!!
You die...

#.###.# #.# #># #.# #.# #.# #.#
#.# #.# ##.###.## #......[#
#..###..############## #..#
#.....@......)..#######
######..####.##.Y................
..............#.#########.######.
........##......# #.# #.
..####.####...### #.# #. ..# #.#
##[## ####.# #. ..####.## #[#
#....# #. [.......# #.# #.#### #.
######..####.# #.# #.


You could see a death yak.

Vanquished Creatures
  A death yak (D:8)
  A steam dragon (D:7)
  2 water moccasins (D:6)
  3 sky beasts
  2 black bears
  2 ice beasts
  3 orc warriors
  3 ogres
  The ghost of horus123 the Slasher, an amateur HuAK of Lugonu (D:3)
  A centaur (D:5)
  A phantom (D:4)
  A kobold brigand (D:8)
  A bullfrog (D:6)
  2 scorpions (D:5)
  A howler monkey (D:5)
  3 hounds
  3 jellies (D:5)
  4 orc priests
  4 iguanas
  5 orc wizards
  Robin (D:2)
  15 gnolls
  13 adders
  2 white imps
  3 ufetubi
  2 worms
  A dart slug (D:3)
  21 orcs
  9 bats
  9 endoplasms
  3 giant cockroaches
  18 goblins
  15 hobgoblins
  3 jackals (D:2)
  5 quokkas
  6 ball pythons
  2 frilled lizards (D:2)
  8 kobolds
  4 rats
184 creatures vanquished.

Vanquished Creatures (others)
  2 plants (D:3)
  2 withered plants (D:3)
4 creatures vanquished.

Grand Total: 188 creatures vanquished

Notes
Turn   | Place    | Note
-------+----------+-------------------------------------------
     0 | D:1      | ReploidZero the Vine Stalker Fighter began the quest for
                  | the Orb.
     0 | D:1      | Reached XP level 1. HP: 11/11 MP: 2/2
   174 | D:1      | Reached XP level 2. HP: 3/16 MP: 0/3
  1140 | D:1      | Reached XP level 3. HP: 17/20 MP: 2/4
  1428 | D:2      | Noticed Robin
  1687 | D:2      | Killed Robin
  1688 | D:2      | Gained mutation: Your natural rate of healing is unusually
                  | fast. [Vine Stalker growth]
  1688 | D:2      | Reached XP level 4. HP: 17/24 MP: 3/5
  1996 | D:2      | Found a faded altar of an unknown god.
  2012 | D:2      | Reached XP level 5. HP: 24/28 MP: 4/6
  2523 | D:2      | You fall into a shaft and drop 1 floor!
  2618 | D:3      | Found a runed translucent door.
  2621 | D:3      | Noticed horus123's ghost (amateur HuAK)
  3247 | D:3      | Killed horus123's ghost
  3248 | D:3      | Reached XP level 6. HP: 33/33 MP: 7/7
  3565 | D:4      | Identified the +9 hand axe "Peogiot" {flame, rC+}
  3716 | D:4      | Reached XP level 7. HP: 23/37 MP: 6/8
  4275 | D:4      | Found Zobal's Book Boutique.
  4331 | D:4      | Found a staircase to the Ecumenical Temple.
  4595 | Temple   | Entered the Ecumenical Temple
  4773 | Temple   | Became a worshipper of Ru the Awakened
  4809 | D:5      | Entered Level 5 of the Dungeon
  4912 | D:5      | Gained mutation: You have razor-sharp teeth. [Vine Stalker
                  | growth]
  4912 | D:5      | Reached XP level 8. HP: 26/42 MP: 6/9
  4978 | D:5      | Reached skill level 5 in Shields
  4982 | D:5      | Reached skill level 5 in Fighting
  5341 | D:5      | Found a stormy altar of Qazlal.
  5733 | D:6      | Reached skill level 5 in Maces & Flails
  5733 | D:6      | Reached skill level 5 in Armour
  5927 | D:6      | Reached XP level 9. HP: 48/48 MP: 10/10
  5927 | D:6      | Found a bloodstained altar of Trog.
  6526 | D:7      | Identified the +12 mace "Killer Bee's Foe" {vamp, Int+6}
  6670 | D:7      | Found a hide-covered altar of Uskayaw.
  6671 | D:7      | Found an opulent altar of Gozag.
  6877 | D:7      | Found a shadowy altar of Dithmenos.
  7073 | D:7      | Found a shimmering blue altar of Sif Muna.
  7124 | D:7      | Found a runed translucent door.
  7127 | D:7      | Noticed snaxamus's ghost (novice DDFi)
  7509 | D:8      | Noticed a death yak
  7509 | D:8      | Noticed a death yak
  7568 | D:8      | Killed a death yak
  7569 | D:8      | Reached XP level 10. HP: 47/55 MP: 7/11
  7648 | D:8      | Noticed a death yak
  7649 | D:8      | Noticed a death yak
  7649 | D:8      | Noticed a death yak
  7650 | D:8      | Noticed a death yak
  7696 | D:7      | Slain by a death yak

Illustrated notes

Levels and vault maps discovered:
D:1:      ncdulo_lavacross, layout_basic, hex_tiny
D:2:      cheibrodos_greedy_goblins, layout_loops_cross,
          shapermc_ecumenical_altar_venn, grunt_ministairs_8,
          nrook_mini_backslash, uniq_robin
D:3:      layout_basic, gammafunk_ghost_grave, serial_bayou_lagoon_a
D:4:      layout_layer_cave, minmay_temple_entry_antechambers, serial_shops,
          nicolae_shop_behind_doors
D:5:      layout_basic, mainiacjoe_overflow_six_doors_small, st_stairs_3,
          kennysheep_generic_room_14
D:6:      layout_loops_ring, old_standard_altar
D:7:      layout_loops_ring, mainiacjoe_overflow_divided_tiny,
          lemuel_tele_altar, ebering_ghost_reflecting_pool,
          kennysheep_flooded_box
D:8:      layout_basic, dpeg_lair_monsters,
          nicolae_concentric_dashed_squares_wild, hangedman_decor_growths
Temple:   eino_temple_rhombus

Skill      XL: |  1  2  3  4  5  6  7  8  9 |
---------------+----------------------------+-----
Maces & Flails | 2 3 4 5 6 |  6.7
Fighting       | 3 4 5 7 |  7.0
Shields        | 3 4 5 7 |  7.0
Armour         | 3 4 5 6 |  6.4

Action                   |  1- 3 |  4- 6 |  7- 9 | 10-12 || total
-------------------------+-------+-------+-------+-------++-------
Melee: Flail             |    85 |   203 |     4 |       ||   292
       Bite              |    22 |    38 |    43 |     5 ||   108
       Hand axe          |       |       |   132 |       ||   132
       Mace              |       |       |    64 |    17 ||    81
Invok: Reject Sacrifices |       |       |     1 |       ||     1
  Use: Scroll            |     3 |       |     3 |     1 ||     7
       Potion            |       |     1 |       |       ||     1
Armor: Scale mail        |    50 |   108 |    73 |     5 ||   236
Dodge: Dodged            |    54 |    93 |    81 |     6 ||   234
Block: Buckler           |    23 |    56 |    63 |     2 ||   144

Table legend: (Time is in decaauts)
 A = Elapsed time spent in this place.
 B = Non-inter-level travel time spent in this place.
 C = Inter-level travel time spent in this place.
 D = Time resting spent in this place.
 E = Time spent auto-exploring this place.
 F = Levels seen in this place.
 G = Mean time per level.
                   A        B        C        D        E       F      G
               +--------+--------+--------+--------+--------+-----+--------+
         Total |   7826 |   7576 |    250 |      0 |   6075 |   9 |  869.6 |
       Dungeon |   7636 |   7396 |    240 |      0 |   5940 |   8 |  954.5 |
        Temple |    189 |    179 |     10 |      0 |    135 |   1 |  189.0 |
               +--------+--------+--------+--------+--------+-----+--------+

Top non-repeatable levels by time:
     D:1: 1610 daAuts
     D:4: 1367 daAuts
     D:2: 1040 daAuts
     D:5: 927 daAuts
     D:7: 924 daAuts
     D:6: 785 daAuts
     D:3: 698 daAuts
     D:8: 283 daAuts
  Temple: 189 daAuts
